 Dungeon Crawl Stone Soup version 0.27-a0-1191-g601b473118 (webtiles) character file.

Game seed: 9115511266312016768

36 Vomitron the Sneak (level 3, 0/31 HPs)
             Began as a Gnoll Brigand on May 25, 2021.
             Was a Follower of Trog.
             Slain by Terence
             ... wielding a +0 mace of protection
              (3 damage)
             ... on level 1 of the Dungeon.
             The game lasted 00:02:36 (1678 turns).

Vomitron the Sneak (Gnoll Brigand)                  Turns: 1678, Time: 00:02:36

Health: 0/31       AC: 12    Str: 11    XL:     3   Next: 37%
Magic:  4/4        EV:  5    Int: 10    God:    Trog [*.....]
Gold:   45         SH:  0    Dex: 13    Spells: 3/3 levels left

rFire    . . .     SeeInvis .   a - +2 dagger
rCold    . . .     Faith    .   (no shield)
rNeg     . . .     Spirit   .   k - +0 chain mail
rPois    .         Reflect  .   (no helmet)
rElec    .         Harm     .   c - +0 cloak
rCorr    .         Rampage  .   (no gloves)
Will     .....                  q - +2 pair of boots
Stlth    +.........             (no amulet)
HPRegen  0.10/turn              (no ring)
MPRegen  0.09/turn              (no ring)

@: no status effects
A: fangs 1, strong nose, distributed training
a: Renounce Religion, Berserk


You were on level 1 of the Dungeon.
You worshipped Trog.
Trog was aware of your devotion.
You visited 1 branch of the dungeon, and saw 2 of its levels.

You collected 45 gold pieces.

Inventory:

Hand Weapons
 a - a +2 dagger (weapon)
Missiles
 d - 25 poisoned darts (quivered)
 e - 2 curare-tipped darts
Armour
 b - a +0 robe
 c - a +0 cloak (worn)
 k - a +0 chain mail (worn)
 q - a +2 pair of boots (worn)
Jewellery
 o - a +4 ring of evasion
Scrolls
 f - a scroll of enchant weapon {unknown}
 g - a scroll of torment {unknown}
 j - a scroll of fog {unknown}
 l - a scroll of identify {unknown}
 n - a scroll of summoning {unknown}
Potions
 h - a potion of lignification {unknown}
 i - a potion of brilliance {unknown}
 m - 2 potions of invisibility {unknown}
 p - a potion of curing {unknown}


   Skills:
 + Level 4.5 Fighting
 + Level 4.5 Short Blades
 + Level 0.7 Long Blades
 + Level 0.7 Axes
 + Level 0.7 Maces & Flails
 + Level 0.7 Polearms
 + Level 0.7 Staves
 + Level 0.7 Slings
 + Level 0.7 Bows
 + Level 0.7 Crossbows
 + Level 4.5 Throwing
 + Level 0.7 Armour
 + Level 2.6 Dodging
 + Level 7.8 Stealth
 + Level 0.7 Shields
 + Level 0.7 Unarmed Combat
 + Level 0.7 Spellcasting
 + Level 0.5 Conjurations
 + Level 0.5 Hexes
 + Level 0.5 Summonings
 + Level 0.5 Necromancy
 + Level 0.5 Translocations
 + Level 0.5 Transmutations
 + Level 0.5 Fire Magic
 + Level 0.5 Ice Magic
 + Level 0.5 Air Magic
 + Level 0.5 Earth Magic
 + Level 0.5 Poison Magic
 + Level 0.9 Invocations
 + Level 0.7 Evocations


You had 3 spell levels left.
You didn't know any spells.
Your spell library was empty.

Dungeon Overview and Level Annotations

Branches:
Dungeon (2/15)

Altars:
Trog

Annotations:
D:1 Terence


Innate Abilities, Weirdness & Mutations

You have very sharp teeth.
Your uncanny sense of smell can sniff out nearby items.
Your experience applies equally to all skills.


Message History

Terence is moderately wounded.
Terence barely misses you.
You hit Terence but do no damage.
Terence is moderately wounded.
Terence says, "How do you enjoy it?"
Terence hits you with a +0 mace of protection.
* * * LOW HITPOINT WARNING * * *
You hit Terence but do no damage.
Terence is moderately wounded.
Terence hits you with a +0 mace of protection.
* * * LOW HITPOINT WARNING * * *
You hit Terence but do no damage.
Terence is moderately wounded.
You hit Terence but do no damage. Your bite misses Terence.
Terence is moderately wounded.
Terence hits you but does no damage.
You hit Terence but do no damage.
Terence is moderately wounded.
Terence hits you but does no damage.
You hit Terence.
Terence is heavily wounded.
Terence completely misses you.
You hit Terence but do no damage.
Terence is heavily wounded.
You hit Terence but do no damage. Your bite misses Terence.
Terence is heavily wounded.
Terence barely misses you.
You hit Terence but do no damage. You bite Terence, but do no damage.
Terence is heavily wounded.
Terence hits you with a +0 mace of protection.
* * * LOW HITPOINT WARNING * * *
You hit Terence but do no damage.
Terence is heavily wounded.
Terence hits you but does no damage.
You hit Terence but do no damage.
Terence is heavily wounded.
You hit Terence but do no damage.
Terence is heavily wounded.
Terence hits you with a +0 mace of protection.
You die...

..#####.# ##.## #..# #.# #.# .##
#.#######.# #..# #.####.# ##
#.##......# #..######...#
#.##.###### ####....###.# #.##.#
##........#### #.##.#
##....##....##. #######.##.#
#............##
....^......########..(.........##
#######...###..@@#.....####.....#
# ###.# #.####...### ###.... ##
#.# #.# #..## #.##. .########.#
#.# #..<### ###..#. .......##.#
#.# #.....####....#. ######.##.#
#.# ##............#. #.##.# #.#
#............#. #.##.# #.#
##....##....##. #.##.# #.#
##........###.


You could see Terence.

Vanquished Creatures
  An adder (D:2)
  A dart slug (D:2)
  5 endoplasms
  A giant cockroach (D:1)
  2 goblins (D:1)
  5 hobgoblins (D:1)
  3 ball pythons
  A bat (D:1)
  2 frilled lizards (D:1)
  A kobold (D:1)
  A rat (D:1)
23 creatures vanquished.

Notes
Turn   | Place    | Note
-------+----------+-------------------------------------------
     0 | D:1      | Vomitron the Gnoll Brigand began the quest for the Orb.
     0 | D:1      | Reached XP level 1. HP: 20/20 MP: 1/1
   372 | D:1      | Reached XP level 2. HP: 26/26 MP: 2/2
   400 | D:1      | Found a faded altar of an unknown god.
   446 | D:1      | Became a worshipper of Trog the Wrathful
   446 | D:1      | Reached * piety under Trog
  1168 | D:2      | Reached XP level 3. HP: 30/31 MP: 3/3
  1258 | D:2      | Noticed Terence
  1519 | D:1      | HP: 1/31 [Terence/+0 mace of protection (6)]
  1678 | D:1      | Slain by Terence

Illustrated notes

Levels and vault maps discovered:
D:1:      minmay_arrival_loop, layout_loops_ring,
          chequers_ecumenical_altar_grove, minivault_4, skrybe_limestone_x
D:2:      layout_rooms, serial_curves, eino_curves_02, eino_curves_03,
          uniq_terence

Action                   || total
-------------------------++-------
Melee: Dagger            ||   121
       Bite              ||    19
       Punch             ||     1
 Stab: Sleeping          ||     5
Armor: Robe              ||     2
       Chain mail        ||    41
Dodge: Dodged            ||    32

Table legend: (Time is in decaauts)
 A = Elapsed time spent in this place.
 B = Non-inter-level travel time spent in this place.
 C = Inter-level travel time spent in this place.
 D = Time resting spent in this place.
 E = Time spent auto-exploring this place.
 F = Levels seen in this place.
 G = Mean time per level.
                   A        B        C        D        E       F      G
               +--------+--------+--------+--------+--------+-----+--------+
         Total |   1653 |   1617 |     36 |      0 |   1052 |   2 |  826.5 |
       Dungeon |   1653 |   1617 |     36 |      0 |   1052 |   2 |  826.5 |
               +--------+--------+--------+--------+--------+-----+--------+

Top non-repeatable levels by time:
     D:1: 1430 daAuts
     D:2: 222 daAuts
